 Dungeon Crawl Stone Soup version 0.14-a0-426-gb52781e (webtiles) character file.

337 Leibowitz the Ducker (level 6, -5/39 HPs)
             Began as a Kobold Berserker on Oct 28, 2013.
             Was a Believer of Trog.
             Slain by an orc wizard
             ... wielding a +0,+0 scythe
              (15 damage)
             ... on Level 3 of the Dungeon.
             The game lasted 00:06:33 (2397 turns).

Leibowitz the Ducker (Kobold Berserker)             Turns: 2397, Time: 00:06:33

HP  -5/39        AC  4     Str 16      XL: 6   Next: 16%
MP   5/5         EV 16     Int  5      God: Trog [**....]
Gold 120         SH  0     Dex 17      Spells:  0 memorised,  5 levels left

Res.Fire  : . . .   See Invis. : .   a - +0 short sword
Res.Cold  : . . .   Warding    : .   f - +0 leather armour
Life Prot.: . . .   Conserve   : .   (no shield)
Res.Poison: .       Res.Corr.  : .   (no helmet)
Res.Elec. : .       Clarity    : .   (no cloak)
Sust.Abil.: . .     Spirit.Shd : .   d - +0 pair of gloves
Res.Mut.  : .       Stasis     : .   (no boots)
Res.Rott. : .       Flight     : .   (no amulet)
Saprovore : + + .                    (no ring)
                                     (no ring)

@: regenerating, exhausted, quite resistant to hostile enchantments, fairly
stealthy
A: disease resistance, carnivore 3, saprovore 2
a: Burn Spellbooks, Berserk, Trog's Hand, Renounce Religion


You were on level 3 of the Dungeon.
You worshipped Trog.
Trog was pleased with you.
You were not hungry.

You visited 1 branch of the dungeon, and saw 3 of its levels.

You collected 100 gold pieces.

Inventory:

Hand weapons
 a - a +0,+0 short sword (weapon)
Armour
 d - a +0 pair of gloves (worn)
 f - a +0 leather armour (worn)
Magical devices
 g - a wand of digging (13)
Comestibles
 c - a meat ration
 p - a cheese
Scrolls
 b - 3 scrolls of blinking {unknown}
 e - 4 scrolls of identify {unknown}
 j - 2 scrolls of enchant weapon I {unknown}
 k - 2 scrolls of remove curse {unknown}
 l - a scroll of fog {unknown}
 o - a scroll of fear {unknown}
Potions
 h - a potion of slowing {unknown}
 m - a potion of might {unknown}
 n - a potion of degeneration {unknown}
 q - a potion of paralysis {unknown}


   Skills:
 * Level 4.6 Fighting
 + Level 4.8 Short Blades
 + Level 1.9 Armour
 * Level 5.0 Dodging
 * Level 2.3 Stealth


You had 5 spell levels left.
You didn't know any spells.

Dungeon Overview and Level Annotations

Branches:
Dungeon (3/27)

Altars:


Innate Abilities, Weirdness & Mutations

You recuperate from illness quickly.
You are small and have problems with some larger weapons.
You are carnivorous and can eat meat at any time.
You can eat rotten meat.


Message History

The magic dart hits you!
* * * LOW HITPOINT WARNING * * *
Things that are here:
an orcish hand axe; an orcish leather armour The orc wizard gestures wildly while chanting.
The orc wizard blinks!
The orc wizard gestures at you while chanting.
The magic dart hits you!
* * * LOW HITPOINT WARNING * * *
The orc wizard gestures at you while chanting.
The magic dart hits you!
* * * LOW HITPOINT WARNING * * *
Drink which item? (? for menu, Esc to quit)
You feel better.
Use which ability? (? or * to list)
Your skin crawls.
You feel resistant to hostile enchantments.
You feel slightly more hungry.
The orc wizard hits you from afar with a scythe!
You die...

###..#####..######........
)..........................
##...###...(...[.........#
#...# #..######..#####..#
#...# #..# #..# ..# #...#
#..# #..# ..# #...# #..#
#o.# ..# #...# #..######..#
..##### #...#
#........@.#####.......
#....
........................
... ....#######..))....## .
#))####..# #..# .# #..# #
#..# .... ......


You could see an orc wizard.

Vanquished Creatures
  Sigmund (D:3)
  An orc priest (D:3)
  Ijyb (D:3)
  Jessica (D:2)
  2 adders (D:2)
  A worm (D:2)
  A giant gecko (D:2)
  5 orcs (D:3)
  A ball python (D:2)
  3 giant cockroaches (D:2)
  6 hobgoblins
  4 bats
  13 goblins
  2 jackals (D:1)
  4 kobolds
  4 rats (D:2)
50 creatures vanquished.

Notes
Turn   | Place    | Note
--------------------------------------------------------------
     0 | D:1      | Leibowitz, the Kobold Berserker, began the quest for the Orb.
     0 | D:1      | Reached XP level 1. HP: 14/14 MP: 0/0
   119 | D:1      | Reached XP level 2. HP: 10/19 MP: 1/1
   599 | D:1      | Acquired Trog's second power
   772 | D:2      | Reached XP level 3. HP: 21/24 MP: 2/2
  1421 | D:2      | Noticed Jessica
  1439 | D:2      | Killed Jessica
  1439 | D:2      | Reached XP level 4. HP: 8/29 MP: 3/3
  1441 | D:2      | Reached skill level 1 in Stealth
  1906 | D:3      | Reached XP level 5. HP: 15/33 MP: 4/4
  2117 | D:3      | Noticed Ijyb
  2166 | D:3      | Killed Ijyb
  2348 | D:3      | Noticed Sigmund
  2356 | D:3      | Killed Sigmund
  2356 | D:3      | Reached skill level 5 in Dodging
  2356 | D:3      | Reached XP level 6. HP: 39/39 MP: 5/5
  2397 | D:3      | Slain by an orc wizard

Action                   |  1- 3 |  4- 6 || total
-------------------------+-------+-------++-------
Melee: Short sword       |   134 |   126 ||   260
Invok: Berserk           |     1 |     2 ||     3
       Trog's Hand       |       |     2 ||     2
Evoke: Wand              |       |     1 ||     1
  Use: Potion            |       |     3 ||     3
 Stab: Sleeping          |     2 |     1 ||     3
